AoeStats
← Hitokirivan

Arabia

505441342Analyzed
1v1 RM · 24d ago on Sep 9, 2026· 55m 48s· 2 players
Game mode
Random Map
Map size
Tiny (2 player)
Population
200
Speed
Normal
Resources
Standard
Victory
Conquest
Starting age
Dark Age
Ending age
Imperial Age
RankedLock teamsTeams togetherTeam positionsShared explorationLock speedFull tech treeHidden civsTurbo modeCheats
Victory
Defeat
🇵🇪 Huns · Peru
956
+18
🇫🇷 Tatars · France
992
-18
Hitokirivan
6:32 Loom
9:33 Feudal Age
10:42 Double-Bit Axe
17:36 Gold Mining
21:36 Castle Age
20:30 Bloodlines
20:03 Horse Collar
20:43 Fletching
22:34 Husbandry
23:10 Bow Saw
26:50 Bodkin Arrow
29:05 Padded Archer Armor
32:13 Leather Archer Armor
32:54 Ballistics
36:24 Elite Skirmisher
38:22 Town Watch
39:12 Wheelbarrow
41:41 Hand Cart
41:26 Town Patrol
41:24 Light Cavalry
42:22 Scale Barding Armor
42:28 Forging
45:30 Imperial Age
43:26 Light Cavalry
44:06 Murder Holes
44:34 Chain Barding Armor
45:44 Iron Casting
46:44 Conscription
47:28 Bracer
49:18 Chemistry
49:10 Parthian Tactics
49:33 Heavy Cavalry Archer
52:38 Hussar
53:32 Masonry
53:57 Capped Ram
444444
6:45 Loom
9:38 Feudal Age
10:03 Double-Bit Axe
21:42 Castle Age
19:38 Fletching
20:18 Padded Archer Armor
20:38 Bloodlines
21:08 Scale Barding Armor
22:04 Wheelbarrow
21:46 Gold Mining
22:51 Leather Archer Armor
23:58 Husbandry
24:01 Bodkin Arrow
25:27 Ballistics
28:34 Bow Saw
28:46 Pikeman
30:45 Scale Mail Armor
30:55 Forging
32:55 Iron Casting
33:09 Town Watch
33:59 Herbal Medicine
39:29 Gold Shaft Mining
44:00 Imperial Age
42:03 Stone Mining
41:45 Elite Skirmisher
43:17 Elite Skirmisher
47:56 Bracer
Connection lost

Rejoining the realm…

Still unreachable

The connection could not be restored.

Session expired

The server has moved on; the page needs a fresh start.